 Dungeon Crawl Stone Soup version 0.24-a0-416-g56ce5178b7 (webtiles) character file.

Game seed: 9140245146265779807

65 KristoblXynda the Slasher (level 4, -1/39 HPs)
             Began as a Naga Gladiator on June 8, 2019.
             Slain by a worm (10 damage)
             ... on level 2 of the Dungeon.
             The game lasted 00:01:55 (1308 turns).

KristoblXynda the Slasher (Naga Gladiator)          Turns: 1308, Time: 00:01:55

Health: -1/39      AC:  4    Str: 16    XL:     4   Next: 14%
Magic:  4/4        EV: 10    Int:  9    God:
Gold:   46         SH:  0    Dex: 13    Spells: 3/3 levels left

rFire    . . .     SeeInvis +   a - +0 long sword
rCold    . . .     Gourm    .   (no shield)
rNeg     . . .     Faith    .   b - +0 leather armour
rPois    +         Spirit   .   c - +0 helmet
rElec    .         Reflect  .   e - +0 cloak
rCorr    .         Harm     .   (no gloves)
MR       .....                  (no barding)
Stlth    +.........             (no amulet)
HPRegen  0.13/turn              (no ring)
MPRegen  0.09/turn              (no ring)

@: very slow
A: large, see invisible, deformed body, poison resistance, slowness 2, slow
metabolism 1, spit poison 1, AC +1
a: Spit Poison


You were on level 2 of the Dungeon.
You were not hungry.

You visited 1 branch of the dungeon, and saw 2 of its levels.

You collected 46 gold pieces.

Inventory:

Hand Weapons
 a - a +0 long sword (weapon)
Missiles
 d - 3 throwing nets (quivered)
Armour
 b - a +0 leather armour (worn)
 c - a +0 helmet (worn)
 e - a +0 cloak (worn)
 r - a +0 chain mail
Scrolls
 h - a scroll of enchant armour {unknown}
 i - a scroll of magic mapping
 n - a scroll of immolation {unknown}
 o - a scroll of identify {unknown}
 p - 2 scrolls of remove curse {unknown}
Potions
 g - a potion of brilliance {unknown}
 j - 2 potions of degeneration {unknown}
 k - 4 potions of lignification {unknown}
 l - a potion of flight {unknown}
 m - 2 potions of haste
Comestibles
 f - a ration
 q - 3 chunks of flesh


   Skills:
 - Level 2.0 Fighting
 + Level 4.0 Long Blades
 - Level 2.4 Throwing
 + Level 0.0 Armour
 + Level 2.9 Dodging
 + Level 0.1 Stealth


You had 3 spell levels left.
You didn't know any spells.
Your spell library was empty.

Dungeon Overview and Level Annotations

Branches:
Dungeon (2/15)

Altars:


Innate Abilities, Weirdness & Mutations

You cannot wear boots.
Your serpentine skin is tough. (AC +1)
You have supernaturally acute eyesight. (SInv)
Armour fits poorly on your strangely shaped body.
Your system is resistant to poisons. (rPois)
You cover ground very slowly.
You have a slow metabolism.
You can spit poison.


Message History

The worm bites you!
* * * LOW HITPOINT WARNING * * *
You barely miss the worm.
The worm is moderately wounded.
The worm barely misses you.
You hit the worm but do no damage.
The worm is moderately wounded.
You barely miss the worm.
The worm is moderately wounded.
The worm bites you.
* * * LOW HITPOINT WARNING * * *
You barely miss the worm.
The worm is moderately wounded.
The worm closely misses you.
You hit the worm.
The worm is heavily wounded.
You hit the worm.
The worm is severely wounded.
The worm bites you!
You die...

***************###*
,,,,,,,,,,,,,,,...*
***************#.#* #w#
******* #@# #.....# #.#
#.....# #†#
#####.....### #.#
....+.......# #.#
***##.....#.# #.#
####......#.####.#######
..........+...##.#.....#
####......#.#.##.##.##.#


You could see a worm.

Vanquished Creatures
  Terence (D:2)
  An adder (D:1)
  A dart slug (D:1)
  2 leopard geckos
  2 giant cockroaches (D:1)
  5 hobgoblins
  2 jackals (D:2)
  3 kobolds
  A quokka (D:2)
  4 bats
  2 frilled lizards (D:2)
  A rat (D:1)
25 creatures vanquished.

Notes
Turn   | Place    | Note
-------+----------+-------------------------------------------
     0 | D:1      | KristoblXynda the Naga Gladiator began the quest for the
                  | Orb.
     0 | D:1      | Reached XP level 1. HP: 19/19 MP: 1/1
    99 | D:1      | Reached XP level 2. HP: 15/26 MP: 2/2
   707 | D:1      | Reached XP level 3. HP: 14/32 MP: 3/3
  1191 | D:2      | Noticed Terence
  1199 | D:2      | Killed Terence
  1199 | D:2      | Reached skill level 4 in Long Blades
  1199 | D:2      | Reached XP level 4. HP: 31/39 MP: 4/4
  1308 | D:2      | Slain by a worm

Levels and vault maps discovered:
D:1:      minmay_arrival_solitary_statue, layout_basic, minmay_misc_feat_cross
D:2:      layout_basic, uniq_terence

Skill      XL: |  1  2  3 |
---------------+----------+-----
Throwing       | 2 |  2.4
Long Blades    | 4 |  4.0
Fighting       | |  2.0
Dodging        | |  2.9
Stealth        | |  0.1

Action                   |  1- 3 |  4- 6 || total
-------------------------+-------+-------++-------
Melee: Long sword        |    77 |    13 ||    90
 Abil: Spit Poison       |     4 |       ||     4
  Use: Scroll            |     1 |       ||     1
  Eat: Chunk             |       |     1 ||     1
Armor: Leather armour    |    40 |     3 ||    43
Dodge: Dodged            |    63 |     5 ||    68
       Rpst.: Long sword |    28 |     3 ||    31

Table legend:
 A = Non-vault XP
 B = Vault XP
 C = Vault XP percentage of total XP
 D = Non-vault monster count
 E = Vault monster count
 F = Vault count percentage of total count
                 A         B        C        D         E       F
            +---------+---------+-------+---------+---------+-------
      Total |      58 |      36 |  38.3 |      24 |       1 |   4.0
            +---------+---------+-------+---------+---------+-------
        D:1 |      36 |       0 |   0.0 |      12 |       0 |   0.0
        D:2 |      22 |      36 |  62.1 |      12 |       1 |   7.7
            +---------+---------+-------+---------+---------+-------
